 Dungeon Crawl Stone Soup version 0.30.1-11-g7821555f0a (webtiles) character file.

Game seed: 8373167266263100239

68 Okkudo the Chopper (level 4, -2/39 HPs)
             Began as a Hill Orc Monk on Dec 4, 2023.
             Slain by an orc
             ... wielding a +0 club
              (5 damage)
             ... on level 2 of the Dungeon.
             The game lasted 00:03:31 (1111 turns).

Okkudo the Chopper (Hill Orc Monk)                  Turns: 1111, Time: 00:03:32

Health: -2/39      AC:  2    Str: 15    XL:     4   Next: 19%
Magic:  4/4        EV: 13    Int: 10    God:
Gold:   75         SH:  0    Dex: 19    Spells: 3/3 levels left

rFire   . . .        a - +0 hand axe
rCold   . . .        d - orb {light}
rNeg    . . .        b - +0 robe
rPois   .            (no helmet)
rElec   .            (no cloak)
rCorr   .            (no gloves)
SInv    .            (no boots)
Will    .....        (no amulet)
Stlth   +            h - +6 ring of dexterity
HPRegen 0.26/turn    (no ring)
MPRegen 0.09/turn

%: no passive effects
@: glowing
A: no striking features
a: no special abilities


You were on level 2 of the Dungeon.
You visited 1 branch of the dungeon, and saw 2 of its levels.

You collected 75 gold pieces.

Inventory:

Hand Weapons
 a - a +0 hand axe (weapon)
Missiles
 f - 3 poisoned darts (quivered)
Armour
 b - a +0 robe (worn)
 d - an orb of light (worn)
Jewellery
 h - a +6 ring of dexterity (left hand)
Scrolls
 e - a scroll of teleportation {unknown}
 g - a scroll of poison {unknown}
 k - a scroll of enchant weapon {unknown}
 l - a scroll of identify {unknown}
Potions
 c - a potion of ambrosia
 i - a potion of brilliance {unknown}
 j - a potion of curing {unknown}


   Skills:
 - Level 3.6 Fighting
 * Level 6.5 Axes
 - Level 2.4 Dodging


You had 3 spell levels left.
You didn't know any spells.
Your spell library contained the following spells:

 Spells                   Type           Power      Damage    Failure   Level
 Portal Projectile        Hex/Tloc       0%         N/A       75%         3
 Tukima's Dance           Hex            0%         N/A       75%         3
 Blade Hands              Tmut           0%         N/A       100%        5


Dungeon Overview and Level Annotations

Branches:
Dungeon (2/15)

Altars:
Beogh


Message History

The orc attacks as you move away! The orc misses you.
The orc attacks as you move away! The orc barely misses you.
The orc attacks as you move away! The orc hits you with a +0 club.
The orc attacks as you move away! The orc barely misses you.
Found a roughly hewn altar of Beogh.
The orc hits you with a +0 flail. The orc attacks as you move away!
The orc hits you with a +0 flail!
You hit the orc.
The orc is lightly wounded.
You hit the orc but do no damage. The orc barely misses you. x2
You hit the orc.
You kill the orc!
You hit the orc. You hit the orc but do no damage.
The orc hits you but does no damage.
The orc hits you with a +2 dagger of pain.
* * * LOW HITPOINT WARNING * * *
You hit the orc.
The orc is almost dead.
You hit the orc. You hit the orc but do no damage. The orc closely misses you.
The orc hits you with a +0 dagger.
* * * LOW HITPOINT WARNING * * *
The orc barely misses you.
You hit the orc.
You kill the orc!
You hit the orc but do no damage. You hit the orc.
You kill the orc!
The orc hits you with a +0 club.
* * * LOW HITPOINT WARNING * * *
The orc completely misses you.
Things that are here:
a +0 dagger; a +0 flail; an orc corpse The orc closely misses you.
You hit the orc.
The orc is heavily wounded.
The orc hits you with a +0 club.
* * * LOW HITPOINT WARNING * * *
You hit the orc but do no damage.
The orc is heavily wounded.
The orc hits you with a +0 club.
You die...

###+## ##.....##
#.......#####
.........#..#
.......:....#########
#..)o@..........
...≈_≈..)..⌠#.######
...#≈#..[......### .
...............#
.........#.....#.### #
#.......###........##.#
##.....## ##..........#
###+## ##.#..#.##.#
#.#..†.# #


You could see an orc.

Vanquished Creatures
  An adder (D:2)
  A dart slug (D:1)
  3 orcs (D:2)
  8 ball pythons
  3 bats
  4 endoplasms
  7 goblins
  2 hobgoblins
  8 jackals (D:1)
  A quokka (D:2)
  3 frilled lizards
  2 kobolds (D:1)
  3 rats
46 creatures vanquished.

Notes
Turn   | Place    | Note
-------+----------+-------------------------------------------
     0 | D:1      | Okkudo the Hill Orc Monk began the quest for the Orb.
     0 | D:1      | Reached XP level 1. HP: 19/19 MP: 1/1
    43 | D:1      | Reached XP level 2. HP: 12/26 MP: 2/2
   160 | D:1      | Reached skill level 5 in Axes
   222 | D:1      | Reached XP level 3. HP: 15/31 MP: 3/3
   868 | D:2      | Reached skill level 6 in Axes
   916 | D:2      | Identified the +0 robe of Jowk {rF- Str+2 Dex+3}
  1011 | D:2      | Reached XP level 4. HP: 34/39 MP: 4/4
  1098 | D:2      | Found a roughly hewn altar of Beogh.
  1111 | D:2      | Slain by an orc

Illustrated notes

Levels and vault maps discovered:
D:1:      dpeg_arrival_shelter, layout_loops_ring
D:2:      layout_loops_ring, hellmonk_ecumenical_altar_defaced_shrine,
          basic_altar, hangedman_abyss_or_decor_stabs, uniq_sigmund,
          uniq_crazy_yiuf_cottage

Skill      XL: |  1  2  3 |
---------------+----------+-----
Axes           | 5 6 |  6.5
Fighting       | |  3.6
Dodging        | |  2.4

Action                     |  1- 3 |  4- 6 || total
---------------------------+-------+-------++-------
  Melee: Hand axe          |   121 |    13 ||   134
 Armour: Robe              |    22 |     4 ||    26
  Dodge: Dodged            |    78 |    19 ||    97
